 Dungeon Crawl Stone Soup version 0.26-a0-665-gefeb406119 (webtiles) character file.

Game seed: 9264496401956968132

166 marklar909 the Skirmisher (level 5, -3/42 HPs)
             Began as a Formicid Abyssal Knight on Oct 13, 2020.
             Was a Believer of Lugonu.
             Slain by a worm (4 damage)
             ... on level 5 of the Dungeon.
             The game lasted 00:06:33 (4130 turns).

marklar909 the Skirmisher (Formicid Abyssal Knight) Turns: 4130, Time: 00:06:34

Health: -3/42      AC:  6    Str: 17    XL:     5   Next: 76%
Magic:  7/7        EV: 11    Int: 12    God:    Lugonu [**....]
Gold:   100        SH:  0    Dex: 10    Spells: 4/4 levels left

rFire    . . .     SeeInvis +   a - +1 falchion
rCold    . . .     Faith    .   (no shield)
rNeg     . . .     Spirit   .   h - +1 ring mail
rPois    .         Reflect  .   (helmet unavailable)
rElec    .         Harm     .   (no cloak)
rCorr    .         Rampage  .   (no gloves)
MR       .....                  (no boots)
Stlth    +.........             (no amulet)
HPRegen  0.14/turn              (no ring)
MPRegen  0.10/turn              (no ring)

@: no status effects
A: permanent stasis, dig shafts and tunnels, four strong arms, antennae 3
a: Dig, Shaft Self, Depart the Abyss, Bend Space, Renounce Religion


You were on level 5 of the Dungeon.
You worshipped Lugonu.
Lugonu was pleased with you.
You visited 1 branch of the dungeon, and saw 4 of its levels.
You visited the Abyss 1 time.

You collected 100 gold pieces.

Inventory:

Hand Weapons
 a - a +1 falchion (weapon)
Missiles
 c - 96 stones (quivered)
Armour
 h - a +1 ring mail (worn)
Jewellery
 d - a cursed ring of teleportation {unknown}
 i - a +4 ring of evasion {unknown}
 t - a cursed ring of attention {unknown}
Wands
 q - a wand of iceblast (10)
Scrolls
 e - a scroll of remove curse
 g - 3 scrolls of identify
 o - a scroll of amnesia
 s - a scroll of enchant armour
Potions
 b - 2 potions of lignification
 f - a potion of cancellation {unknown}
 j - a potion of haste {unknown}
 l - 3 potions of degeneration {unknown}
 m - a potion of curing {unknown}
 r - a potion of might {unknown}


   Skills:
 + Level 4.1 Fighting
 * Level 3.5 Long Blades
 + Level 1.3 Throwing
 + Level 2.8 Armour
 + Level 1.5 Dodging
 + Level 1.3 Stealth
 * Level 2.8 Invocations


You had 4 spell levels left.
You didn't know any spells.
Your spell library was empty.

Dungeon Overview and Level Annotations

Branches:
Dungeon (3/15)

Altars:
Nemelex Xobeh

Annotations:
D:5 Menkaure


Innate Abilities, Weirdness & Mutations

You cannot be hasted, slowed, berserked, paralysed or teleported.
You can dig through walls and to a lower floor.
Your four strong arms can wield two-handed weapons with a shield.
You have a pair of large antennae on your head. (SInv)


Message History

A shaft appears beneath you!
You fall into a shaft and drop 2 floors!
The shaft crumbles and collapses.
A worm and 4 orcs come into view.
The orc shouts! x3
Found five items.
Found a stone staircase leading up.
Unknown command.
Found a spear.
The worm bites you.
* * * LOW HITPOINT WARNING * * *
Menkaure, Prince of Dust comes into view.
Found a dagger.
There is a stone staircase leading up here.
Unknown command.
Okay, then.
Menkaure shouts!
The orc hits you with a +0 hand axe.
* * * LOW HITPOINT WARNING * * *
The orc closely misses you. The worm bites you.
You die...

## ######..#..
##..........
##.wo.....###
#..@oo(....#
#.....o....#
#)?.(......#
#.............
#.............
#.#........?.#
#......M..).
......).....


You could see Menkaure, a worm and 4 orcs.

Vanquished Creatures
  7 gnolls
  An adder (D:2)
  2 oozes (D:2)
  3 worms
  2 dart slugs (D:2)
  3 leopard geckos
  2 orcs
  A giant cockroach (D:1)
  7 goblins
  10 hobgoblins
  5 kobolds
  A quokka (D:3)
  2 ball pythons
  9 bats
  2 frilled lizards
  7 rats
64 creatures vanquished.

Notes
Turn   | Place    | Note
-------+----------+-------------------------------------------
     0 | Abyss:1  | marklar909 the Formicid Abyssal Knight began the quest for
                  | the Orb.
     0 | Abyss:1  | Reached XP level 1. HP: 18/18 MP: 2/2
    50 | Abyss:1  | Noticed a ynoxinul
    65 | D:1      | Escaped the Abyss
   222 | D:1      | Reached * piety under Lugonu
   226 | D:1      | Reached XP level 2. HP: 13/25 MP: 3/3
   443 | D:1      | Reached skill level 1 in Dodging
   788 | D:1      | Reached XP level 3. HP: 30/30 MP: 4/4
   955 | D:1      | Reached skill level 4 in Fighting
  2092 | D:2      | Reached XP level 4. HP: 32/37 MP: 5/5
  2138 | D:2      | Found a sparkling altar of Nemelex Xobeh.
  2189 | D:1      | Reached ** piety under Lugonu
  2189 | D:1      | Reached skill level 1 in Throwing
  2502 | D:2      | Reached XP level 5. HP: 20/42 MP: 6/6
  3630 | D:3      | Reached skill level 1 in Stealth
  4117 | D:3      | Noticed a centaur
  4125 | D:3      | You fall into a shaft and drop 2 floors!
  4125 | D:5      | Entered Level 5 of the Dungeon
  4129 | D:5      | Noticed Menkaure
  4130 | D:5      | HP: 1/42 [orc/+0 hand axe (2)]
  4130 | D:5      | Slain by a worm

Illustrated notes

Levels and vault maps discovered:
D:1:      heliophobic_arrival_enchanted_forest, layout_basic,
          minmay_tetromino_s4
D:2:      layout_rooms, nemelex_dance_club_becter
D:3:      layout_loops_corners
D:5:      layout_rooms, uniq_menkaure, uniq_eustachio

Skill      XL: |  1  2  3  4  5 |
---------------+----------------+-----
Dodging        | 1 |  1.5
Fighting       | 4 |  4.1
Throwing       | 1 |  1.3
Long Blades    | 3 |  3.5
Stealth        | 1 |  1.3
Armour         | |  2.8
Invocations    | |  2.8

Action                   |  1- 3 |  4- 6 || total
-------------------------+-------+-------++-------
Melee: Falchion          |    89 |   106 ||   195
Throw: Stone             |    84 |    49 ||   133
Invok: Depart the Abyss  |     1 |       ||     1
 Abil: Shaft Self        |       |     1 ||     1
  Use: Scroll            |       |     8 ||     8
Armor: Leather armour    |     9 |       ||     9
       Ring mail         |    30 |    35 ||    65
Dodge: Dodged            |    65 |    75 ||   140
       Rpst.: Falchion   |    19 |    26 ||    45

Table legend: (Time is in decaauts)
 A = Elapsed time spent in this place.
 B = Non-inter-level travel time spent in this place.
 C = Inter-level travel time spent in this place.
 D = Time resting spent in this place.
 E = Time spent auto-exploring this place.
 F = Levels seen in this place.
 G = Mean time per level.
                   A        B        C        D        E       F      G
               +--------+--------+--------+--------+--------+-----+--------+
         Total |   4175 |   4077 |     98 |   1004 |   2273 |   5 |  835.0 |
       Dungeon |   4110 |   4012 |     98 |   1004 |   2225 |   4 | 1027.5 |
         Abyss |     65 |     65 |      0 |      0 |     48 |   1 |   65.0 |
               +--------+--------+--------+--------+--------+-----+--------+

Top non-repeatable levels by time:
     D:1: 1908 daAuts
     D:2: 1420 daAuts
     D:3: 776 daAuts
 Abyss:1: 65 daAuts
     D:5: 4 daAuts
